AoeStats
← NuMa | Gacha

Nomad

505671012Analyzed
2v2 RM · 23d ago on Sep 10, 2026· 42m 39s· 4 players
Game mode
Random Map
Map size
176×176
Population
200
Speed
Normal
Resources
Standard
Victory
Conquest
Starting age
Dark Age
Ending age
Imperial Age
RankedLock teamsTeams togetherTeam positionsShared explorationLock speedFull tech treeHidden civsTurbo modeCheats
Victory
Defeat
🇮🇳 Goths · India
987
+16
🇻🇳 Italians · Vietnam
955
+17
🇨🇴 Italians · Colombia
1029
-18
🇨🇴 Huns · Colombia
941
-15
kingofkings
3:09 Loom
13:15 Feudal Age
17:58 Castle Age
17:59 Double-Bit Axe
18:39 Fletching
19:24 Town Watch
23:38 Forging
23:29 Scale Mail Armor
24:20 Gold Mining
29:50 Wheelbarrow
33:42 Bodkin Arrow
36:24 Horse Collar
36:58 Bow Saw
41:47 Hand Cart
hoasex12345
14:25 Feudal Age
18:40 Castle Age
16:38 Fishing Lines
17:59 Double-Bit Axe
19:25 Gillnets
20:34 Bow Saw
24:19 Fletching
24:33 Padded Archer Armor
26:27 Wheelbarrow
32:29 Imperial Age
30:44 Clinker Construction
30:30 Horse Collar
31:47 Bodkin Arrow
32:14 Ballistics
34:38 Chemistry
36:01 Leather Archer Armor
37:59 Two-Man Saw
37:54 Ring Archer Armor
39:10 Conscription
39:06 Pirotechnia
40:14 Treadmill Crane
NuMa | Gacha
4:45 Loom
14:31 Feudal Age
15:27 Feudal Age
19:04 Castle Age
17:03 Double-Bit Axe
17:27 Stone Mining
18:06 Fletching
22:27 Gold Mining
23:33 Bodkin Arrow
23:27 Man-at-Arms
25:43 Squires
27:26 Fishing Lines
30:36 Wheelbarrow
30:21 Gillnets
32:17 Padded Archer Armor
33:46 Leather Archer Armor
33:28 Long Swordsman
35:12 Hand Cart
36:42 Horse Collar
41:38 Imperial Age
39:21 Forging
39:12 Scale Mail Armor
39:30 Arson
41:00 Iron Casting
41:15 Chain Mail Armor
44:11 Imperial Age
winter991
11:55 Loom
14:22 Feudal Age
15:56 Town Watch
18:39 Castle Age
16:35 Double-Bit Axe
25:40 Fletching
25:51 Padded Archer Armor
27:48 Forging
28:11 Fishing Lines
37:01 Wheelbarrow
Connection lost

Rejoining the realm…

Still unreachable

The connection could not be restored.

Session expired

The server has moved on; the page needs a fresh start.